 Dungeon Crawl Stone Soup version 0.19.0-24-gb05acd6 (webtiles) character file.

10551 Leibowitz the Jinx (level 11, -23/81 HPs)
             Began as a Demigod Enchanter on Nov 20, 2016.
             Annihilated by Gastronok (26 damage)
             ... on level 1 of the Lair of Beasts.
             The game lasted 01:00:11 (14507 turns).

Leibowitz the Jinx (Demigod Enchanter)             Turns: 14507, Time: 01:00:11

Health: -23/81     AC:  8    Str: 11    XL:     11   Next: 15%
Magic:  1/45       EV: 15    Int: 25    God:
Gold:   568        SH:  0    Dex: 20    Spells: 9 memorised, 6 levels left

rFire  + + +     SeeInvis .     a - +2 dagger (elec)
rCold  . . .     Gourm    .     z - +4 robe of Lidiele {+Fly rF+++ MR- MP+9}
rNeg   . . .     Faith    .     (no shield)
rPois  .         Spirit   .     j - +0 helmet
rElec  .         Reflect  .     (no cloak)
rCorr  .         Harm     .     s - +0 pair of gloves
MR     .....                    i - +0 pair of boots
Stlth  ++++......               I - amulet of regeneration
                                w - +4 ring of dexterity
                                q - ring of magical power

@: slowed, repel missiles, very slow
A: deformed body, high mp 1, MP-powered wands
a: Evoke Flight


You were on level 1 of the Lair of Beasts.
You were not hungry.

You visited 2 branches of the dungeon, and saw 10 of its levels.
You also visited: Sewer.

You collected 568 gold pieces.

Inventory:

Hand Weapons
 a - a +2 dagger of electrocution (weapon)
 l - a +1 short sword of protection
 K - a +2 scimitar of flaming
 P - a +0 blowgun
Missiles
 E - 2 throwing nets (quivered)
 Q - 8 poisoned needles
Armour
 i - a +0 pair of boots (worn)
 j - a +0 helmet (worn)
 s - a +0 pair of gloves (worn)
 z - the +4 robe of Lidiele (worn) {+Fly rF+++ MR- MP+9}
   (You found it on level 5 of the Dungeon)

   It renders you almost immune to fire.
   It affects your resistance to hostile enchantments.
   It affects your magic capacity (+9).
   It lets you fly.
 L - a +2 robe of positive energy
Jewellery
 q - a ring of magical power (left hand)
 t - an uncursed ring of protection from fire
 v - an uncursed ring of positive energy
 w - a +4 ring of dexterity (right hand)
 F - an uncursed ring of resist corrosion
 I - an amulet of regeneration (around neck)
Wands
 b - a wand of lightning (6/15)
 r - a wand of flame (7/48)
 A - a wand of digging (14/24)
 B - a wand of teleportation (3/9)
 C - a wand of iceblast (7/15)
 D - a wand of iceblast (10/15)
 M - a wand of confusion (29/48)
 N - a wand of disintegration (12/24)
Scrolls
 e - a scroll of enchant armour
 h - 6 scrolls of remove curse
 m - 6 scrolls of teleportation
 n - 17 scrolls of identify
 o - a scroll of blinking
 u - 2 scrolls of enchant weapon
 x - a scroll of recharging
 y - a scroll of fear
 J - a scroll of amnesia
 O - a scroll of magic mapping
Potions
 g - 6 potions of flight
 H - 2 potions of lignification
 S - 2 potions of curing
Books
 k - a book of Air

   Spells                             Type                      Level
   a - Shock                          Conjuration/Air              1
   b - Swiftness                      Charms/Air                   2
   c - Repel Missiles                 Charms/Air                   2
   d - Static Discharge               Conjuration/Air              3
   e - Lightning Bolt                 Conjuration/Air              5
 R - a book of Minor Magic

   Spells                             Type                      Level
   a - Magic Dart                     Conjuration                  1
   b - Blink                          Translocation                2
   c - Call Imp                       Summoning                    2
   d - Repel Missiles                 Charms/Air                   2
   e - Slow                           Hexes                        2
   f - Conjure Flame                  Conjuration/Fire             3
   g - Mephitic Cloud                 Conjuration/Poison/Air       3
Comestibles
 d - 11 bread rations
 f - 5 meat rations
 p - 3 fruits
 G - 3 beef jerkies
 T - a slice of pizza


   Skills:
 + Level 2.9 Fighting
 + Level 6.4 Short Blades
 + Level 4.2 Dodging
 + Level 7.7 Stealth
 + Level 8.3 Spellcasting
 + Level 8.6 Hexes
 + Level 1.5 Charms
 + Level 3.6 Ice Magic
 + Level 1.1 Air Magic


You had 6 spell levels left.
You knew the following spells:

 Your Spells              Type           Power        Failure   Level  Hunger
a - Corona                Hex            ######.      1%          1    None
b - Ensorcelled Hibernat  Hex/Ice        #####.       1%          2    None
c - Confuse               Hex            ######..     1%          3    None
d - Tukima's Dance        Hex            ######..     1%          3    None
e - Swiftness             Chrm/Air       ###.....     8%          2    None
f - Shock                 Conj/Air       ##..         6%          1    None
g - Dazzling Spray        Conj/Hex       ####..       3%          3    None
h - Repel Missiles        Chrm/Air       ###...       8%          2    None
i - Mephitic Cloud        Conj/Pois/Air  ##......     17%         3    None


Dungeon Overview and Level Annotations

Branches:
Dungeon (9/15)             Temple (0/1) D:7            Lair (1/6) D:9
    Orc (0/2) D:9

Shops:
D:4 (   D:5 (

Annotations:
D:6 exclusion: oklob plant
Lair:1 Gastronok


Innate Abilities, Weirdness & Mutations

You have an increased reservoir of magic. (+10% MP)
Armour fits poorly on your strangely shaped body.
You expend magic power (3 MP) to strengthen your wands.


Message History

Casting: Confuse
Confirm with . or Enter, or press ? or * to list all spells.
Aiming: Confuse
Press: ? - help, Shift-Dir - straight line, f/p - Gastronok
Aim: Gastronok, wearing a glowing hat (lightly wounded, chance to defeat MR: 23%) Gastronok resists with almost no effort.
The rat closely misses you. The river rat barely misses you.
Gastronok bites you!!
* * * LOW HITPOINT WARNING * * *
The rat bites you but does no damage.
The river rat bites you but does no damage.
Blink to where?
Press: ? - help, Dir - move target cursor, f - you, p - Gastronok
Okay, then.
You hit Gastronok.
Gastronok is lightly wounded.
The rat closely misses you. The river rat bites you.
* * * LOW HITPOINT WARNING * * *
Gastronok bites you!!
You die...

.##..#......P##...###
.#....<.....###P...|#
(........#..####.####
.........#.###...#
.......#.#.# ##.P#
.......##..####.##
.#..........##..## ###
###......##...brr## ##.#
#
##...######.bw@.####.##
###....## #...##......#
....#...####..######.###
##..###....#..########
##..# ###.......##..#
#.P# ###......##.# #.##
##P........w# ##..#
#P........#..# #...#
##...w##.####r.#


You could see Gastronok, a river rat, 2 bats and a rat.

Vanquished Creatures
  A centaur warrior (D:9)
  Erica (D:8)
  The ghost of Millan the Blocker, a novice FoFi of Ashenzari (D:7)
  Pikel (D:8)
  Prince Ribbit (D:8)
  3 hippogriffs
  The ghost of Jesseh the Digger, an amateur GrEE (D:5)
  3 yaks (D:9)
  A basilisk (Lair:1)
  Grum (D:8)
  2 hungry ghosts
  2 water moccasins
  4 sky beasts
  8 orc warriors
  2 ice beasts (D:9)
  A black bear (D:7)
  A necrophage (D:9)
  A phantom (D:7)
  4 ogres
  3 wolves (D:8)
  3 crocodiles (Lair:1)
  4 centaurs
  10 bullfrogs
  A big kobold (D:9)
  A water moccasin skeleton (D:8)
  7 wights
  A howler monkey (D:9)
  A crimson imp (D:9)
  2 bullfrog zombies
  A centaur zombie (D:5)
  12 orc priests
  A gnoll shaman (D:9)
  A hound (D:9)
  7 jellies
  12 orc wizards
  3 iguanas
  A siren (Sewer)
  10 worker ants
  2 hound skeletons
  A worker ant zombie (D:9)
  A howler monkey zombie (D:8)
  9 adders
  6 gnolls
  3 river rats
  A shadow imp (D:9)
  11 oozes
  A worm (D:3)
  A dart slug (D:1)
  6 leopard geckos
  41 orcs
  9 ball pythons
  7 giant cockroaches
  3 goblins
  10 hobgoblins
  5 jackals
  14 kobolds
  3 quokkas
  2 bats
  9 frilled lizards
  A jackal skeleton (D:5)
  A leopard gecko skeleton (D:4)
  A quokka skeleton (D:6)
  A quokka zombie (D:9)
  29 rats
298 creatures vanquished.

Vanquished Creatures (collateral kills)
  Joseph (D:7)
  A spriggan (D:8)
  4 orc warriors
  2 gnolls (D:9)
  8 orcs
16 creatures vanquished.

Vanquished Creatures (others)
  2 dancing weapons
  2 slaves (D:8)
  An orc wizard (D:8)
  3 orcs (D:8)
  9 fungi (D:6)
17 creatures vanquished.

Grand Total: 331 creatures vanquished

Notes
Turn   | Place    | Note
-------+----------+-------------------------------------------
     0 | D:1      | Leibowitz the Demigod Enchanter began the quest for the Orb.
     0 | D:1      | Reached XP level 1. HP: 14/14 MP: 5/5
   309 | D:1      | Reached XP level 2. HP: 20/20 MP: 7/7
   355 | D:1      | Learned a level 2 spell: Ensorcelled Hibernation
   516 | D:1      | Reached skill level 1 in Short Blades
   903 | D:1      | Reached XP level 3. HP: 22/27 MP: 5/8
  1064 | D:1      | Learned a level 3 spell: Confuse
  2437 | D:3      | Found a glowing drain.
  2501 | D:3      | Reached XP level 4. HP: 34/34 MP: 10/10
  2518 | Sewer    | Entered a sewer
  3331 | Sewer    | Reached XP level 5. HP: 23/39 MP: 12/12
  4129 | D:3      | Found a sacrificial altar of Ru.
  4129 | D:3      | Found a glowing silver altar of Zin.
  4130 | D:3      | Found a white marble altar of Elyvilon.
  4130 | D:3      | Found a shadowy altar of Dithmenos.
  4775 | D:3      | Reached skill level 1 in Ice Magic
  4960 | D:4      | Found a blossoming altar of Fedhas.
  5168 | D:4      | Gained mutation: You expend magic power (3 MP) to strengthen your wands. [potion of mutation]
  5168 | D:4      | Gained mutation: Armour fits poorly on your strangely shaped body. [potion of mutation]
  5252 | D:4      | Reached XP level 6. HP: 44/46 MP: 13/13
  5657 | D:4      | Reached skill level 1 in Fighting
  5786 | D:4      | Found Qoej's Weapon Emporium.
  6204 | D:5      | Entered Level 5 of the Dungeon
  6225 | D:5      | Found a bloodstained altar of Trog.
  6259 | D:5      | Learned a level 3 spell: Tukima's Dance
  6262 | D:5      | Learned a level 2 spell: Swiftness
  6264 | D:5      | Learned a level 1 spell: Shock
  6308 | D:5      | Noticed Jesseh's ghost (amateur GrEE)
  6345 | D:5      | Killed Jesseh's ghost
  6345 | D:5      | Reached skill level 5 in Hexes
  6345 | D:5      | Reached XP level 7. HP: 16/52 MP: 13/16
  6574 | D:5      | Noticed a dagger
  6576 | D:5      | Noticed a dagger
  6579 | D:5      | Found a hide-covered altar of Uskayaw.
  6885 | D:5      | Found a hazy altar of Hepliaklqana.
  7354 | D:5      | Got a fine robe
  7365 | D:5      | Identified the +4 robe of Lidiele {+Fly rF+++ MR- MP+9} (You found it on level 5 of the Dungeon)
  7372 | D:5      | Found Sigyud's Antique Weapon Shoppe.
  7592 | D:5      | Found a snail-covered altar of Cheibriados.
  8010 | D:6      | Reached XP level 8. HP: 34/59 MP: 18/18
  8374 | D:6      | Reached skill level 5 in Spellcasting
  8519 | D:6      | Learned a level 3 spell: Dazzling Spray
  8522 | D:6      | Learned a level 2 spell: Repel Missiles
  8957 | D:6      | Noticed an oklob plant
  9814 | D:7      | Noticed Millan's ghost (novice FoFi)
  9846 | D:7      | Killed Millan's ghost
  9846 | D:7      | Reached XP level 9. HP: 34/64 MP: 14/22
 10007 | D:7      | Reached skill level 5 in Stealth
 10353 | D:7      | Reached skill level 1 in Charms
 10353 | D:7      | Reached skill level 1 in Air Magic
 10407 | D:7      | Found a burning altar of Makhleb.
 10735 | D:7      | Noticed Joseph
 10758 | D:7      | Killed Joseph
 10919 | D:7      | Found a staircase to the Ecumenical Temple.
 11518 | D:8      | Noticed Prince Ribbit
 11526 | D:8      | Killed Prince Ribbit
 11569 | D:8      | Reached XP level 10. HP: 64/73 MP: 24/24
 11588 | D:8      | Noticed Erica
 11594 | D:8      | Noticed Grum
 11651 | D:8      | Killed Erica
 11651 | D:8      | Reached skill level 5 in Short Blades
 11757 | D:8      | Noticed Pikel
 11792 | D:8      | Killed Pikel
 11911 | D:8      | Killed Grum
 12413 | D:9      | Noticed a centaur warrior
 12423 | D:9      | Killed a centaur warrior
 12667 | D:9      | Found an opulent altar of Gozag.
 12841 | D:9      | Found a radiant altar of Vehumet.
 12932 | D:9      | Found a roughly hewn altar of Beogh.
 12934 | D:9      | Found a staircase to the Orcish Mines.
 12987 | D:9      | Reached XP level 11. HP: 81/81 MP: 27/27
 13034 | D:9      | Found a staircase to the Lair.
 13651 | Lair:1   | Entered Level 1 of the Lair of Beasts
 13698 | Lair:1   | Learned a level 3 spell: Mephitic Cloud
 14309 | Lair:1   | Noticed Gastronok
 14506 | Lair:1   | HP: 4/81 [Gastronok (35)]
 14507 | Lair:1   | Annihilated by Gastronok

Skill      XL: |  1  2  3  4  5  6  7  8  9 10 |
---------------+-------------------------------+-----
Hexes          | 3 4 5 6 7 8 |  8.6
Stealth        | 3 4 6 7 |  7.7
Spellcasting   | 2 3 4 6 7 8 |  8.3
Short Blades   | 1 2 4 6 |  6.4
Dodging        | 2 3 4 |  4.2
Ice Magic      | 1 2 3 |  3.6
Fighting       | 1 2 |  2.9
Charms         | 1 |  1.5
Air Magic      | 1 |  1.1

Action                   |  1- 3 |  4- 6 |  7- 9 | 10-12 || total
-------------------------+-------+-------+-------+-------++-------
Melee: Dagger            |   104 |   221 |       |   250 ||   575
       Short sword       |       |    56 |   392 |    71 ||   519
Throw: Throwing net      |       |       |       |     1 ||     1
 Cast: Corona            |     1 |       |       |       ||     1
       Ensorcelled Hiber |    16 |    51 |    66 |    39 ||   172
       Confuse           |    12 |    19 |    41 |    38 ||   110
       Shock             |       |     1 |     8 |       ||     9
       Swiftness         |       |     1 |     9 |     2 ||    12
       Tukima's Dance    |       |       |    18 |    10 ||    28
       Dazzling Spray    |       |       |    12 |     8 ||    20
       Repel Missiles    |       |       |     2 |       ||     2
  Use: Potion            |       |     8 |     4 |     5 ||    17
       Scroll            |       |    10 |     5 |     1 ||    16
 Stab: Sleeping          |    17 |    27 |    38 |    35 ||   117
       Confused          |     1 |    10 |    28 |    13 ||    52
       Distracted        |       |       |     2 |     5 ||     7
       Invisible         |       |       |       |     1 ||     1
  Eat: Chunk             |     7 |    15 |    17 |     9 ||    48
       Beef jerky        |       |     1 |       |       ||     1
       Pizza             |       |       |     1 |       ||     1
       Fruit             |       |       |     1 |       ||     1
Armor: Robe              |    18 |    74 |   136 |    77 ||   305
       Skin              |       |    20 |       |       ||    20
Dodge: Dodged            |    68 |   183 |   207 |   202 ||   660
       Deflected         |       |       |     1 |     3 ||     4
